 Dungeon Sprint DCSS version 0.28.0-43-g3370ac3207 (webtiles) character file.

Game seed: 18028869172327021687

43443 boopmooplesden the Axe Maniac (level 13, -20/159 HPs)
             Began as a Minotaur Berserker on Mar 10, 2022.
             Was the Champion of Trog.
             Demolished by an iron golem (36 damage)
             ... in the Dungeon (Sprint II: "The Violet Keep of Menkaure").
             The game lasted 00:19:03 (4226 turns).

boopmooplesden the Axe Maniac (Minotaur Berserker)  Turns: 4226, Time: 00:19:04

Health: -20/159    AC: 26    Str: 24    XL:     13   Next: 90%
Magic:  10/10      EV: 21    Int: 10    God:    Trog [******]
Gold:   3249       SH:  0    Dex: 15    Spells: 12/12 levels left

rFire   + . .      SeeInvis .   z - +6 executioner's axe (flame)
rCold   + + .      Faith    .   (shield currently unavailable)
rNeg    . . .      Spirit   .   l - +4 plate armour {rC+}
rPois   .          Reflect  .   (helmet unavailable)
rElec   .          Harm     .   n - +1 cloak of Starlight {*Dazzle EV+4 Stlth--}
rCorr   +          Rampage  .   b - +1 pair of gloves of Kimiforr {rCorr Dex-2 Slay+3}
Will    +....      NoTele   +   h - +1 pair of boots {Stlth+}
Stlth   ..........              w - amulet of the Genius {Acrobat Dex+7}
HPRegen 1.16/turn               B - ring of the Postmodern Allies {Will+ Str+3}
MPRegen 0.12/turn               I - ring of Yniytu {rF+ rC+ EV+4 Int+4 Dex-2}

@: on berserk cooldown, slowed, unable to read, very slow
A: horns 3, retaliatory headbutt, clever 1, deformed body, low MP 1,
regeneration 1, weak 2, evolution 1, subdued magic 2, inability to read while
threatened
a: Renounce Religion, Berserk, Trog's Hand, Brothers in Arms


You were in the Dungeon.
You worshipped Trog.
Trog was exalted by your worship.
You visited 1 branch You collected 5314 gold pieces.
You spent 2065 gold pieces at shops.

Inventory:

Hand Weapons
 a - a +0 hand axe
 j - a +2 hand axe of freezing
 m - a +2 vorpal battleaxe
 u - the +5 battleaxe "Acarinebane" {venom, rElec}
   (You bought it in a shop in the Dungeon)

   It poisons the flesh of those it strikes.
   rElec:     It insulates you from electricity.
 y - the +7 war axe of the Forsaken Queens {drain, rF++}
   (You bought it in a shop in the Dungeon)

   A truly terrible weapon, it drains the life of any living foe it strikes.
   rF:        It greatly protects you from fire.
 z - a +6 executioner's axe of flaming (weapon)
 A - a +7 antimagic executioner's axe
 F - the +3 battleaxe "Cuimeq" {vorpal, rPois rN++ rCorr Dex+4}
   (Trog gifted it to you in the Dungeon)

   It inflicts extra damage upon your enemies.
   Dex:       It affects your dexterity (+4).
   rPois:     It protects you from poison.
   rN:        It greatly protects you from negative energy.
   rCorr:     It protects you from acid and corrosion.
 H - the +8 frozen axe "Frostbite" {freezing cloud, *Noise Fly rC+}
   (You acquired it in the Dungeon)

   It freezes those it strikes, dealing additional cold damage.
   It can also slow down cold-blooded creatures.
   It occasionally leaves clouds of freezing vapour upon striking a foe.
   It grants immunity to clouds of freezing vapour.
   rC:        It protects you from cold.
   Fly:       It grants you flight.
   *Noise:    It may make noises in combat.
Missiles
 x - 4 silver boomerangs (quivered)
Armour
 b - the +1 pair of gloves of Kimiforr (worn) {rCorr Dex-2 Slay+3}
   (You acquired it in the Dungeon)

   Dex:       It affects your dexterity (-2).
   Slay:      It affects your accuracy & damage with ranged weapons and melee
   (+3).
   rCorr:     It protects you from acid and corrosion.
 h - a +1 pair of boots of stealth (worn)
 i - a +2 hat
 k - a +1 cloak of stealth
 l - a +4 plate armour of cold resistance (worn)
 n - the +1 cloak of Starlight (worn) {*Dazzle EV+4 Stlth--}
   (You found it in the Dungeon)

   It may blind those who miss an attack against the wearer in melee combat.
   EV:        It affects your evasion (+4).
   Stlth:     It makes you much less stealthy.
Jewellery
 o - a ring of protection from cold
 r - a +6 ring of intelligence
 s - a +4 ring of protection
 w - the amulet of the Genius (around neck) {Acrobat Dex+7}
   (You found it in the Dungeon)

   [amulet of the acrobat]

   It increases your evasion while moving and waiting.
   Dex:       It affects your dexterity (+7).
 B - the ring of the Postmodern Allies (left hand) {Will+ Str+3}
   (You acquired it in the Dungeon)

   [ring of willpower]

   Str:       It affects your strength (+3).
   Will:      It increases your willpower.
 E - the ring "Xoetili" {rC+ Str+3 Slay+4}
   (You acquired it in the Dungeon)

   [ring of slaying]

   Str:       It affects your strength (+3).
   Slay:      It affects your accuracy & damage with ranged weapons and melee
   (+4).
   rC:        It protects you from cold.
 I - the ring of Yniytu (right hand) {rF+ rC+ EV+4 Int+4 Dex-2}
   (You took it off an orc priest in the Dungeon)

   [ring of evasion]

   EV:        It affects your evasion (+4).
   Int:       It affects your intelligence (+4).
   Dex:       It affects your dexterity (-2).
   rF:        It protects you from fire.
   rC:        It protects you from cold.
 J - an amulet of reflection
Wands
 C - a wand of charming (8)
Scrolls
 q - 2 scrolls of identify
 G - 2 scrolls of acquirement
Potions
 c - 4 potions of curing
 d - 2 potions of heal wounds
 e - a potion of haste
 f - 32 potions of magic
 g - 2 potions of berserk rage
 t - 8 potions of flight
 v - 29 potions of mutation
 D - a potion of resistance
Miscellaneous
 p - a lightning rod (4/4)


   Skills:
 O Level 27 Fighting
 O Level 27 Axes
 + Level 19.2 Armour
 + Level 11.9 Dodging
 + Level 3.8 Stealth
 + Level 4.7 Unarmed Combat
 + Level 1.3 Evocations


You had 12 spell levels left.
You didn't know any spells.
Your spell library was empty.

Dungeon Overview and Level Annotations

Branches:
Dungeon (1/1)

Altars:
Cheibriados
Dithmenos
Elyvilon
Fedhas
Gozag
Hepliaklqana
Kikubaaqudgha
Makhleb
Nemelex Xobeh
Okawaru
Qazlal
Ru
Sif Muna
Trog
Uskayaw
Vehumet
Wu Jian
Xom
Yredelemnul
Zin
The Shining One
Beogh
Jiyva
Lugonu

Shops:
D :(?*:(*[=(*=[:=:(([*[*!?!=:([:

Annotations:
D exclusion: obsidian statue


Innate Abilities, Weirdness & Mutations

You have a pair of large horns on your head.
You reflexively headbutt those who attack you in melee.
Your mind is acute. (Int +2)
Armour fits poorly on your strangely shaped body.
Your magical capacity is low. (-10% MP)
Your natural rate of healing is unusually fast.
You are very weak. (Str -4)
You have hidden genetic potential.
Your spells are easier to cast, but less powerful.
You sometimes lose the ability to read scrolls when taking damage.


Message History

You see here 3 potions of flight.
You slash the electric golem! You burn the electric golem.
You headbutt the electric golem, but do no damage.
The electric golem is almost destroyed.
The electric golem misses you.
The electric golem hits you but does no damage. x3
You slash the electric golem! You burn the electric golem.
You destroy the electric golem!
Trog accepts your kill.
Your Armour skill increases to level 19!
t - 8 potions of flight (gained 3)
An iron golem comes into view.
You barely miss the iron golem.
You headbutt the iron golem, but do no damage.
You slash the iron golem!
The iron golem is lightly damaged.
The iron golem hits you!! The iron golem hits you!
You slash the iron golem! Your headbutt misses the iron golem.
The iron golem is lightly damaged.
The iron golem hits you but does no damage.
The iron golem completely misses you.
You slice the iron golem like a ripe choko!!!
The iron golem is moderately damaged.
The iron golem misses you. The iron golem hits you!!
You feel threatened and lose the ability to read scrolls!
You carve the iron golem like a ham!!! Your headbutt misses the iron golem.
The iron golem is heavily damaged.
The iron golem hits you!! The iron golem hits you.
You barely miss the iron golem.
The iron golem is heavily damaged.
The iron golem hits you!!
* * * LOW HITPOINT WARNING * * *
The iron golem hits you!
* * * LOW HITPOINT WARNING * * *
You carve the iron golem like a ham!!!
The iron golem is severely damaged.
The iron golem hits you!
* * * LOW HITPOINT WARNING * * *
The iron golem hits you!!!
You die...

****** ******* *,,,,*
******************
∩+,+,,***,,,,***,,,,,+,,,+,,**,,,
**,****,,,,,,,,*,,,,,*,,,*,**^,*,
**+####,,,,,,,,*,,,,,*,▓▓▓,**,,**
≈§≈≈≈§#*⌠,,,,#+▓**,,,*,..▓,**,,**
○≈≈≈§≈§##,,,,#.$▓▓▓+▓▓▓▓.▓,*,,,**
≈≈8≈≈≈≈≈#*++*#.9.+..°▓0..▓,,,,,**
°°≈≈≈§≈**≈,..###@#°.○▓▓▓▓▓▓▓▓▓▓*▓
○≈≈≈§≈**,≈,....#.#○.○▓≈≈≈≈≈§§≈▓▓▓
++#+++##***^.9.#.##[)▓▓▓▓▓▓▓▓▓▓▓▓
.......#,,+,,..#..#○:▓...)()).▓▓.
##)##..#,,***#.#..#○|▓.()).:(.▓▓.
#)#.##.####,,+.##.#)[▓.)....(.▓▓.
.###.#,...#,,#...####▓[(..[...▓▓.
#.#.####..##*##.^##.#▓.)...[).▓▓.
##'###.##..#,,+..#..#▓...[.(()▓▓.


You could see an iron golem.

Vanquished Creatures
  the Lernaean hydra (D)
  Nikola (D)
  A hellephant (D)
  An electric golem (D)
  A deep elf blademaster (D)
  A kraken (D)
  2 sphinxes (D)
  Gastronok (D)
  Kirke (D)
  A draconian shifter (D)
  A dire elephant (D)
  A crystal guardian (D)
  An ice dragon (D)
  A fire dragon (D)
  A yaktaur captain (D)
  A centaur warrior (D)
  2 hell hogs (D)
  Sonja (D)
  2 deep trolls (D)
  A skeletal warrior (D)
  2 death drakes (D)
  3 sixfirhies (D)
  A glowing orange brain (D)
  An orange crystal statue (D)
  A harpy (D)
  3 orc sorcerers (D)
  12 shining eyes (D)
  An oklob plant (D)
  3 manticores (D)
  An elephant (D)
  An ice statue (D)
  An eye of devastation (D)
  3 toenail golems (D)
  2 unseen horrors (D)
  A yaktaur (D)
  A kobold demonologist (D)
  A hornet (D)
  5 polar bears (D)
  17 flying skulls (D)
  2 wyverns (D)
  3 yaks (D)
  2 redbacks (D)
  4 neqoxecs (D)
  A vampire mosquito (D)
  Menkaure (D)
  4 water moccasins (D)
  10 floating eyes (D)
  5 necrophages (D)
  2 swamp drakes (D)
  2 earth elementals (D)
  4 scorpions (D)
  4 lava snakes (D)
  4 orc priests (D)
  A jelly (D)
  An iron imp (D)
  4 tentacles (D)
137 creatures vanquished.

Vanquished Creatures (others)
  A flying skull (D)
  3 tentacles (D)
4 creatures vanquished.

Grand Total: 141 creatures vanquished

Notes
Turn   | Place    | Note
-------+----------+-------------------------------------------
     0 | D        | boopmooplesden the Minotaur Berserker began the quest for
                  | the Orb.
     0 | D        | Reached XP level 1. HP: 19/19 MP: 0/0
     1 | D        | Noticed a wyvern
     1 | D        | Noticed a wyvern
     7 | D        | Killed a wyvern
     8 | D        | Reached XP level 2. HP: 8/36 MP: 1/1
     8 | D        | Reached XP level 3. HP: 9/41 MP: 2/2
     8 | D        | Reached XP level 4. HP: 11/49 MP: 3/3
     8 | D        | Reached XP level 5. HP: 13/55 MP: 4/4
     9 | D        | HP: 4/82 [wyvern (9)]
    11 | D        | Killed a wyvern
    12 | D        | Reached skill level 10 in Fighting
    12 | D        | Reached skill level 10 in Axes
    12 | D        | Reached skill level 5 in Armour
    12 | D        | Reached skill level 5 in Dodging
    12 | D        | Reached XP level 6. HP: 5/66 MP: 5/5
   304 | D        | Noticed a neqoxec
   304 | D        | Noticed a neqoxec
   304 | D        | Noticed a neqoxec
   304 | D        | Noticed a neqoxec
   309 | D        | Killed a neqoxec
   316 | D        | Killed a neqoxec
   316 | D        | Reached ** piety under Trog
   317 | D        | Reached XP level 7. HP: 75/75 MP: 6/6
   322 | D        | Killed a neqoxec
   326 | D        | Killed a neqoxec
   470 | D        | Reached *** piety under Trog
   479 | D        | Reached XP level 8. HP: 86/86 MP: 7/7
   511 | D        | Reached **** piety under Trog
   725 | D        | Found Batam's Jewellery Shoppe.
   725 | D        | Found Iqif's Book Shoppe.
   725 | D        | Found Vieggimm's Magic Scroll Emporium.
   725 | D        | Found Benool's Antique Weapon Shoppe.
   725 | D        | Found Esmyukyt's Distillery.
   725 | D        | Found Tehosk's Distillery.
   725 | D        | Found Nudd's Antique Weapon Emporium.
   726 | D        | Found Ega Waru's Book Shoppe.
   726 | D        | Found Hubbi's Antique Armour Emporium.
   726 | D        | Noticed a fire dragon
   727 | D        | Found Oschaj's Antique Weapon Emporium.
   844 | D        | Noticed Menkaure
   844 | D        | Noticed a hell hog
   853 | D        | Killed Menkaure
   853 | D        | Reached ***** piety under Trog
   857 | D        | Found Acli's Jewellery Shoppe.
   857 | D        | Found Ruureu Xeina's Antique Armour Emporium.
   857 | D        | Noticed an oklob plant
   858 | D        | Found Aptaim's Assorted Antiques.
   858 | D        | Found Lyolikiy's Magic Scroll Emporium.
   858 | D        | Found Teff's Book Shoppe.
   858 | D        | Noticed a hell hog
   867 | D        | Bought a glowing hand axe for 96 gold pieces
   871 | D        | Bought a glowing cloak for 180 gold pieces
   871 | D        | Bought a glowing plate armour for 624 gold pieces
   910 | D        | Found an iron altar of Okawaru.
   910 | D        | Found an opulent altar of Gozag.
   911 | D        | Found a sparkling altar of Nemelex Xobeh.
   911 | D        | Found a blossoming altar of Fedhas.
   912 | D        | Found a radiant altar of Vehumet.
   912 | D        | Found a burning altar of Makhleb.
   912 | D        | Found a white marble altar of Elyvilon.
   913 | D        | Found a hide-covered altar of Uskayaw.
   913 | D        | Found a corrupted altar of Lugonu.
   913 | D        | Found a shadowy altar of Dithmenos.
   914 | D        | Found a glowing silver altar of Zin.
   914 | D        | Found a bloodstained altar of Trog.
   914 | D        | Found an ancient bone altar of Kikubaaqudgha.
   915 | D        | Found a basalt altar of Yredelemnul.
   915 | D        | Found a shimmering blue altar of Sif Muna.
   915 | D        | Found a viscous altar of Jiyva.
   916 | D        | Found a shimmering altar of Xom.
   916 | D        | Found a sacrificial altar of Ru.
   917 | D        | Found a glowing golden altar of the Shining One.
   917 | D        | Found an ornate altar of the Wu Jian Council.
   921 | D        | Noticed a yaktaur
   921 | D        | Noticed a hornet
   921 | D        | Noticed a polar bear
   921 | D        | Noticed a polar bear
   928 | D        | Killed a polar bear
   929 | D        | Reached skill level 15 in Fighting
   933 | D        | Killed a polar bear
   933 | D        | Received a gift from Trog
   934 | D        | Reached skill level 15 in Axes
   934 | D        | Reached XP level 9. HP: 97/97 MP: 8/8
   936 | D        | Killed a yaktaur
   941 | D        | Noticed a polar bear
   946 | D        | Killed a polar bear
   957 | D        | Found a stormy altar of Qazlal.
   983 | D        | Noticed a kraken
  1032 | D        | Found a hazy altar of Hepliaklqana.
  1032 | D        | Found a snail-covered altar of Cheibriados.
  1199 | D        | Noticed a deep troll
  1199 | D        | Noticed a deep troll
  1206 | D        | Killed a deep troll
  1206 | D        | Received a gift from Trog
  1207 | D        | Reached skill level 10 in Dodging
  1214 | D        | Killed a deep troll
  1215 | D        | Reached XP level 10. HP: 86/111 MP: 9/9
  1538 | D        | Killed a kraken
  1597 | D        | Noticed an obsidian statue
  1600 | D        | Noticed Kirke
  1600 | D        | Noticed a yaktaur captain
  1631 | D        | Killed Kirke
  1632 | D        | Reached skill level 10 in Armour
  1632 | D        | Reached skill level 1 in Unarmed Combat
  1636 | D        | Killed a yaktaur captain
  1642 | D        | Received a gift from Trog
  1662 | D        | Noticed an elephant
  1669 | D        | Killed an elephant
  1766 | D        | Noticed an ice dragon
  1774 | D        | Killed an ice dragon
  1775 | D        | Reached XP level 11. HP: 110/123 MP: 10/10
  1813 | D        | Noticed a skeletal warrior
  1820 | D        | Killed a skeletal warrior
  1824 | D        | Noticed a centaur warrior
  1833 | D        | Killed a centaur warrior
  1844 | D        | Bought a translucent war axe for 178 gold pieces
  1844 | D        | Identified the +7 war axe of the Forsaken Queens {drain,
                  | rF++} (You bought it in a shop in the Dungeon)
  1846 | D        | Bought a pair of boots for 108 gold pieces
  1960 | D        | Reached ****** piety under Trog
  1963 | D        | Received a gift from Trog
  2011 | D        | Received a gift from Trog
  2151 | D        | Found Maman's Book Emporium.
  2151 | D        | Found Buzxog's Weapon Shop.
  2151 | D        | Found Coomuhoi's Antique Weapon Shop.
  2151 | D        | Found Voda's Assorted Antiques.
  2151 | D        | Found Ceapp's Jewellery Boutique.
  2152 | D        | Found Bosiut's Assorted Antiques.
  2152 | D        | Found Xaxops's Jewellery Boutique.
  2152 | D        | Found Jouxutiel's Antique Armour Emporium.
  2152 | D        | Found Kouc's Armour Shop.
  2152 | D        | Found Sipuwiwakk's Book Emporium.
  2152 | D        | Found Voap's Assorted Antiques.
  2152 | D        | Found Zewemej's Assorted Antiques.
  2160 | D        | Bought a fading battleaxe for 333 gold pieces
  2160 | D        | Identified the +5 battleaxe "Acarinebane" {venom, rElec}
                  | (You bought it in a shop in the Dungeon)
  2163 | D        | Bought a +0 hat for 48 gold pieces
  2325 | D        | Noticed a sphinx
  2326 | D        | Noticed a sphinx
  2330 | D        | Killed a sphinx
  2331 | D        | Killed a sphinx
  2385 | D        | Received a gift from Trog
  2404 | D        | Received a gift from Trog
  2416 | D        | Reached XP level 12. HP: 117/136 MP: 3/11
  2437 | D        | Found Luysyfea's Book Shoppe.
  2438 | D        | Found Jushrifrao's Armour Boutique.
  2438 | D        | Identified the ring of Yniytu {rF+ rC+ EV+4 Int+4 Dex-2}
  2455 | D        | Bought a +0 pair of boots of stealth for 138 gold pieces
  2765 | D        | Reached skill level 1 in Stealth
  2769 | D        | Received a gift from Trog
  2774 | D        | Noticed Gastronok
  2781 | D        | Killed Gastronok
  2837 | D        | Noticed a dire elephant
  2841 | D        | Killed a dire elephant
  2842 | D        | Reached skill level 15 in Armour
  2848 | D        | Received a gift from Trog
  2852 | D        | Found the +1 cloak of Starlight {*Dazzle EV+4 Stlth--}
  2858 | D        | Identified the +3 lajatang "Ziboekef" {spect, Will+ Str+3}
  2890 | D        | Identified the +6 morningstar of Causality {spect, rPois
                  | Str+5}
  2899 | D        | Identified the +0 short sword of Slow Death {protect,
                  | Str+7}
  2937 | D        | Gained mutation: Your spells are a little easier to cast,
                  | but a little less powerful. [mutagenic glow]
  2951 | D        | Gained mutation: You are weak. (Str -2) [mutagenic glow]
  2958 | D        | Noticed a deep elf blademaster
  2962 | D        | Received a gift from Trog
  2965 | D        | Gained mutation: You sometimes lose the ability to read
                  | scrolls when taking damage. [mutagenic glow]
  2973 | D        | Killed a deep elf blademaster
  2990 | D        | Gained mutation: You are very weak. (Str -4) [mutagenic
                  | glow]
  3003 | D        | Gained mutation: Armour fits poorly on your strangely
                  | shaped body. [mutagenic glow]
  3195 | D        | Paralysed by a floating eye for 2 turns
  3195 | D        | Gained mutation: Your magical capacity is low. (-10% MP) [a
                  | shining eye]
  3197 | D        | Received a gift from Trog
  3200 | D        | Paralysed by a floating eye for 2 turns
  3201 | D        | Gained mutation: You are clumsy. (Dex -2) [a shining eye]
  3202 | D        | Gained mutation: You are frail. (-10% HP) [a shining eye]
  3202 | D        | Gained mutation: Your spells are easier to cast, but less
                  | powerful. [a shining eye]
  3205 | D        | Received a gift from Trog
  3205 | D        | Gained mutation: You have hidden genetic potential. [a
                  | shining eye]
  3206 | D        | Gained mutation: You are very frail. (-20% HP) [a shining
                  | eye]
  3207 | D        | Received a gift from Trog
  3208 | D        | Reached XP level 13. HP: 118/118 MP: 3/10
  3221 | D        | Identified the amulet of the Genius {Acrobat Dex+7}
  3269 | D        | Noticed a hellephant
  3269 | D        | Noticed a purple draconian shifter
  3269 | D        | Noticed Sonja
  3287 | D        | Killed Sonja
  3291 | D        | Killed a hellephant
  3291 | D        | Received a gift from Trog
  3303 | D        | Killed a purple draconian shifter
  3512 | D        | Lost mutation: You are clumsy. (Dex -2) [potion of
                  | mutation]
  3512 | D        | Lost mutation: You are very frail. (-20% HP) [potion of
                  | mutation]
  3512 | D        | Lost mutation: You are frail. (-10% HP) [potion of
                  | mutation]
  3512 | D        | Gained mutation: You have a pair of large horns on your
                  | head. [potion of mutation]
  3512 | D        | Gained mutation: Your natural rate of healing is unusually
                  | fast. [potion of mutation]
  3560 | D        | Received a gift from Trog
  3569 | D        | Noticed Nikola
  3575 | D        | Reached skill level 1 in Evocations
  3577 | D        | Noticed the 27-headed Lernaean hydra
  3741 | D        | Killed a fire dragon
  3769 | D        | Identified 4 scrolls of acquirement
  3769 | D        | Acquired 913 gold pieces
  3770 | D        | Acquired the ring of the Postmodern Allies {Will+ Str+3}
  3777 | D        | Acquired the ring "Xoetili" {rC+ Str+3 Slay+4}
  3781 | D        | Acquired the +1 pair of gloves of Kimiforr {rCorr Dex-2
                  | Slay+3}
  3802 | D        | Killed Nikola
  3802 | D        | Identified the +3 battleaxe "Cuimeq" {vorpal, rPois rN++
                  | rCorr Dex+4} (Trog gifted it to you in the Dungeon)
  3802 | D        | Received a gift from Trog
  3803 | D        | Reached skill level 27 in Axes
  3825 | D        | Gained mutation: Your mind is acute. (Int +2) [hidden
                  | potential]
  3833 | D        | Killed the 24-headed Lernaean hydra
  3908 | D        | Found Xeihelet's Antique Weapon Shoppe.
  3924 | D        | Acquired the +8 frozen axe "Frostbite" {freezing cloud,
                  | *Noise Fly rC+}
  3924 | D        | Found the +8 frozen axe "Frostbite" {freezing cloud, *Noise
                  | Fly rC+}
  3929 | D        | Identified the +2 hand crossbow "Hydrabane" {flame, rF+
                  | rCorr Int-2}
  3930 | D        | Received a gift from Trog
  4008 | D        | Bought an amulet of reflection for 360 gold pieces
  4128 | D        | Noticed a crystal guardian
  4142 | D        | Killed a crystal guardian
  4142 | D        | Received a gift from Trog
  4193 | D        | Noticed an electric golem
  4202 | D        | Reached skill level 27 in Fighting
  4212 | D        | Killed an electric golem
  4219 | D        | Noticed an iron golem
  4226 | D        | Demolished by an iron golem

Illustrated notes

Levels and vault maps discovered:
D:        the_violet_keep_of_menkaure [sprint2_stairs_cluster_1,
          sprint2_shoproom, sprint2_temple, sprint2_basic_supplies,
          sprint2_obstacle_5, sprint2_obstacle_1, sprint2_obstacle_3,
          sprint2_obstacle_2, sprint2_obstacle_4, sprint2_timed_cluster_1,
          sprint2_smallroom_cluster_1, sprint2_smallroom_final_cluster_1,
          sprint2_transparent_cluster_1, sprint2_second_timed_cluster_1,
          sprint2_sniper_area_1, sprint2_heavy_combat_area_1,
          sprint2_mutation_trap_area_1, sprint2_forest_area_1,
          sprint2_light_combat_area_1, sprint2_behind_water_1,
          sprint2_near_end_vault_1]

Skill      XL: |  1  2  3  4  5  6  7  8  9 10 11 12 13 |
---------------+----------------------------------------+-----
Fighting       | 8 10 11 13 15 17 19 21 23 27 | 27.0
Axes           | 8 10 11 13 15 17 19 22 25 27 | 27.0
Armour         | 4 5 6 7 9 11 14 16 19 | 19.2
Dodging        | 4 5 6 7 9 10 11 | 11.9
Unarmed Combat | 2 4 |  4.7
Stealth        | 2 3 |  3.8
Evocations     | 1 |  1.3

Action                   |  1- 3 |  4- 6 |  7- 9 | 10-12 | 13-15 || total
-------------------------+-------+-------+-------+-------+-------++-------
Melee: Hand axe          |     5 |    15 |    81 |       |       ||   101
       Headbutt          |       |     4 |    23 |    24 |    24 ||    75
       Punch             |       |       |     1 |       |     2 ||     3
       Battleaxe         |       |       |    25 |    51 |       ||    76
       Unarmed           |       |       |       |    12 |       ||    12
       Executioner's axe |       |       |       |   117 |    72 ||   189
       War axe           |       |       |       |       |    17 ||    17
Invok: Berserk           |     1 |     1 |     3 |    10 |     6 ||    21
Evoke: Lightning rod     |       |       |       |     1 |       ||     1
  Use: Scroll            |       |       |       |     9 |     7 ||    16
       Potion            |       |       |       |     7 |     7 ||    14
 Stab: Invisible         |       |       |       |     1 |       ||     1
Armor: Plate armour      |       |       |    26 |   124 |    82 ||   232
       Animal skin       |       |       |     2 |       |       ||     2
Dodge: Dodged            |     3 |     4 |    43 |    70 |    81 ||   201
